 Dungeon Crawl Stone Soup version 0.26.1-11-gd32895ea62 (webtiles) character file.

Game seed: 15292618908096644232

44 Revguard the Grave Robber (level 3, 0/20 HPs)
             Began as a Deep Elf Necromancer on July 27, 2021.
             Killed by divine providence
             ... invoked by an orc priest
              (14 damage)
             ... on level 3 of the Dungeon.
             The game lasted 00:05:12 (1756 turns).

Revguard the Grave Robber (Deep Elf Necromancer)    Turns: 1756, Time: 00:05:13

Health: 0/20       AC:  5    Str:  6    XL:     3   Next: 39%
Magic:  0/9        EV: 13    Int: 19    God:
Gold:   21         SH:  0    Dex: 15    Spells: 7/8 levels left

rFire    . . .     SeeInvis .   c - +0 short sword
rCold    . . .     Faith    .   (no shield)
rNeg     . . .     Spirit   .   a - +0 robe
rPois    .         Reflect  .   (no helmet)
rElec    .         Harm     .   (no cloak)
rCorr    .         Rampage  .   (no gloves)
Will     .....                  m - +2 pair of boots
Stlth    ++........             (no amulet)
HPRegen  0.06/turn              (no ring)
MPRegen  0.11/turn              (no ring)

@: no status effects
A: no striking features
a: no special abilities


You were on level 3 of the Dungeon.
You visited 1 branch of the dungeon, and saw 3 of its levels.

You collected 21 gold pieces.

Inventory:

Hand Weapons
 c - a +0 short sword (weapon)
Armour
 a - a +0 robe (worn)
 m - a +2 pair of boots (worn)
Wands
 l - a wand of polymorph (8)
Scrolls
 d - a scroll of fear {unknown}
 f - 3 scrolls of identify {unknown}
 h - a scroll of remove curse
 i - a scroll of enchant armour {unknown}
Potions
 e - 2 potions of haste {unknown}
 g - a potion of lignification {unknown}
 j - a potion of curing {unknown}
 k - a potion of brilliance {unknown}


   Skills:
 * Level 1.0 Fighting
 + Level 0.5 Short Blades
 + Level 2.9 Dodging
 + Level 3.0 Stealth
 + Level 3.4 Spellcasting
 + Level 5.1 Necromancy
 + Level 0.1 Evocations


You had 7 spell levels left.
You knew the following spells:

 Your Spells              Type           Power        Failure   Level
a - Pain                  Necr           88%          1%          1

Your spell library contained the following spells:

 Spells                   Type           Power        Failure   Level
 Animate Skeleton         Necr           44%          1%          1
 Vampiric Draining        Necr           11%          5%          3
 Animate Dead             Necr           11%          19%         4
 Agony                    Necr           22%          45%         5


Dungeon Overview and Level Annotations

Branches:
Dungeon (3/15)

Altars:
Nemelex Xobeh


Message History

Aim: an orc priest (lightly wounded, chance to affect: 81%)
The orc priest barely resists.
The orc priest barely misses you.
Aiming: Pain (safe; 1% risk of failure)
Press: ? - help, Q - select action, (/) - cycle Shift-Dir - straight line, f/p - orc priest
Aim: an orc priest (lightly wounded, chance to affect: 81%)
The orc priest writhes in agony.
The orc priest barely misses you.
You barely miss the orc priest.
The orc priest is moderately wounded.
The orc priest invokes the aid of Beogh against you.
You barely resist. The orc priest closely misses you.
Aiming: Pain (safe; 1% risk of failure)
Press: ? - help, Q - select action, (/) - cycle Shift-Dir - straight line, f/p - orc priest
Aim: an orc priest (moderately wounded, chance to affect: 81%)
The orc priest writhes in agony.
The orc priest calls down the wrath of Beogh upon you.
Beogh smites you!
Ouch! That really hurt!
You die...

#.# .#.# #.# #.#
########.#
#.....##.#
#.....##.#
#.....##.# #
#.....##.#
..###.#####.....##.#
.....olo@..........#
..."#.##)..######..#
. # +...+ #..# #...#
#..# ##### #...
#.... #..... #......


You could see an orc priest, an orc and a frilled lizard.

Vanquished Creatures
  2 worms
  2 leopard geckos
  4 orcs (D:3)
  A bat skeleton (D:2)
  A giant cockroach (D:2)
  5 goblins
  5 hobgoblins
  A kobold (D:2)
  A quokka (D:2)
  4 bats (D:2)
  A leopard gecko zombie (D:2)
  2 rats (D:2)
29 creatures vanquished.

Vanquished Creatures (others)
  2 withered plants (D:2)
2 creatures vanquished.

Grand Total: 31 creatures vanquished

Notes
Turn   | Place    | Note
-------+----------+-------------------------------------------
     0 | D:1      | Revguard the Deep Elf Necromancer began the quest for the
                  | Orb.
     0 | D:1      | Reached XP level 1. HP: 10/10 MP: 6/6
   137 | D:1      | You fall into a shaft and drop 1 floor!
   370 | D:2      | Reached skill level 5 in Necromancy
   370 | D:2      | Reached XP level 2. HP: 1/16 MP: 1/8
  1246 | D:2      | Found a sparkling altar of Nemelex Xobeh.
  1480 | D:3      | Reached XP level 3. HP: 19/20 MP: 7/9
  1749 | D:3      | Reached skill level 1 in Fighting
  1756 | D:3      | Killed from afar by an orc priest

Illustrated notes

Levels and vault maps discovered:
D:1:      sevenhm_arrival_forest_fort_large_4, layout_rooms
D:2:      layout_rooms, serial_undead, serial_undead_a, serial_undead_e,
          serial_undead_c, serial_undead_d, nemelex_xobeh_ov_fountains_minmay
D:3:      layout_basic

Skill      XL: |  1  2  3 |
---------------+----------+-----
Necromancy     | 5 |  5.1
Stealth        | 3 |  3.0
Fighting       | 1 |  1.0
Short Blades   | |  0.5
Dodging        | |  2.9
Spellcasting   | |  3.4
Evocations     | |  0.1

Action                   || total
-------------------------++-------
Melee: Short sword       ||    40
 Cast: Pain              ||    48
  Use: Scroll            ||     3
       Potion            ||     1
Armor: Robe              ||    15
Dodge: Dodged            ||    42
